 Dungeon Crawl Stone Soup version 0.24.0-1-gfbc8707 (webtiles) character file.

Game seed: 4929615767379215203, levelgen mode: deterministic

1404 Dorkslayer the Sneak (level 8, -1/54 HPs)
             Began as an Octopode Fighter on Nov 14, 2019.
             Was a Follower of Dithmenos.
             Slain by Harold
             ... wielding a +2 scimitar of protection
              (19 damage)
             ... on level 7 of the Dungeon.
             The game lasted 00:22:06 (4707 turns).

Dorkslayer the Sneak (Octopode Fighter)             Turns: 4707, Time: 00:22:07

Health: -1/54      AC:  1    Str: 20    XL:     8   Next: 69%
Magic:  19/19      EV: 12    Int: 10    God:    Dithmenos [*.....]
Gold:   199        SH:  9    Dex:  9    Spells: 7/7 levels left

rFire    + . .     SeeInvis .   w - +5 war axe "Arbiter" {flame, rF+ Str+3 Dex-3}
rCold    . . .     Gourm    +   b - +0 shield
rNeg     . . .     Faith    .   (helmet restricted)
rPois    .         Spirit   .   B - amulet of the gourmand
rElec    .         Reflect  .   v - ring of magical power
rCorr    .         Harm     .   (no ring)
MR       .....                  (no ring)
Stlth    ++++......             (no ring)
HPRegen  0.18/turn              (no ring)
MPRegen  0.16/turn              (no ring)
                                (no ring)
                                (no ring)

@: marked, very slightly contaminated, wreathed by umbra
A: almost no armour, stealthy swim, amphibious, 8 rings, constrict 8, camouflage
1, gelatinous body 1
a: Renounce Religion


You were on level 7 of the Dungeon.
You worshipped Dithmenos.
Dithmenos was aware of your devotion.
You were completely stuffed.

You visited 1 branch of the dungeon, and saw 7 of its levels.

You collected 345 gold pieces.
You spent 146 gold pieces at shops.

Inventory:

Hand Weapons
 a - a +0 long sword
 e - a +1 short sword of speed
 w - the +5 war axe "Arbiter" (weapon) {flame, rF+ Str+3 Dex-3}
   (You found it on level 4 of the Dungeon)

   It has been specially enchanted to burn those struck by it, causing extra
   injury to most foes and up to half again as much damage against particularly
   susceptible opponents.
   Big, fiery blades are also staple armaments of hydra-hunters.
   It affects your strength (+3).
   It affects your dexterity (-3).
   It protects you from fire.
Missiles
 g - 6 atropa-tipped darts
 m - 2 silver javelins
 q - 6 curare-tipped darts
 r - 3 boomerangs
 t - a throwing net
 y - 21 poisoned darts (quivered)
Armour
 b - a +0 shield (worn)
Jewellery
 v - a ring of magical power (left tentacle)
 B - an amulet of the gourmand (around mantle)
Wands
 x - a wand of digging (2)
Scrolls
 f - 3 scrolls of blinking
 j - a scroll of teleportation
 k - 5 scrolls of fog
 n - 5 scrolls of remove curse
 o - 2 scrolls of enchant armour {unknown}
 p - 3 scrolls of fear
 u - a scroll of random uselessness {unknown}
 A - a scroll of immolation {unknown}
 C - a scroll of vulnerability {unknown}
 D - a scroll of enchant weapon {unknown}
 E - a scroll of amnesia {unknown}
Potions
 c - a potion of curing
 h - a potion of lignification
 i - 2 potions of ambrosia
 l - a potion of resistance
 s - 3 potions of mutation
 z - a potion of heal wounds {unknown}
 G - a potion of magic {unknown}
Comestibles
 d - 6 rations


   Skills:
 * Level 3.9 Fighting
 + Level 2.0(3.0) Short Blades
 + Level 3.4(3.7) Long Blades
 + Level 4.2 Axes
 + Level 4.4 Throwing
 + Level 3.9 Dodging
 + Level 4.7 Stealth
 + Level 4.1 Shields
 * Level 3.2 Invocations
 * Level 2.8 Evocations


You had 7 spell levels left.
You didn't know any spells.
Your spell library contained the following spells:

 Spells                   Type           Power        Failure   Level  Hunger
 Summon Small Mammal      Summ           #...         83%         1    ##.....
 Call Imp                 Summ           #.......     93%         2    ###....
 Call Canine Familiar     Summ           #.......     99%         3    ####...
 Summon Guardian Golem    Hex/Summ       #.......     99%         3    ####...
 Summon Ice Beast         Ice/Summ       #.......     100%        4    #####..
 Summon Lightning Spire   Summ/Air       #.......     100%        4    #####..


Dungeon Overview and Level Annotations

Branches:
Dungeon (7/15)             Temple (0/1) D:5

Altars:
Cheibriados
Dithmenos
Fedhas
Hepliaklqana
Makhleb
Nemelex Xobeh
Xom
The Shining One

Shops:
D:4 *}?   D:6 (

Annotations:
D:7 Harold


Innate Abilities, Weirdness & Mutations

You cannot wear most types of armour.
You are very stealthy in the water. (Stealth+)
You are amphibious.
You can wear up to eight rings at the same time.
You can use your tentacles to constrict eight enemies at once.
Your skin changes colour to match your surroundings (Stealth+).
Your rubbery body absorbs attacks. (AC +1, EV +1)


Message History

You are very lightly contaminated with residual magic.
As you read the scroll of blinking, it crumbles to dust.
Harold throws a throwing net.
The throwing net hits you.
You become entangled in the net!
You struggle against the net.
Harold casts a spell at you. The mark upon you grows brighter.
You struggle against the net.
Your surroundings suddenly seem different.
You start resting.
Eating one of 2 chunks of flesh.
You eat one of the 2 chunks of flesh.
This raw flesh tastes great.
Eating a chunk of flesh.
You eat the chunk of flesh.
This raw flesh tastes great.
Harold hits you with a +2 scimitar of protection!
You slash Harold! You burn Harold. You grab Harold.
You squeeze Harold, but do no damage.
Harold is heavily wounded.
You constrict Harold.
Harold hits you with a +2 scimitar of protection!!
You die...

####. ##### .....
#.@.# # ......
#@#.# #. .......
#.#.# #.###......
#.#.# #..........
###.#.#####....#
#..<#......รท#..#
###########....#
# ####....##.##
#.......(....
#........#.##


You could see Harold.

Vanquished Creatures
  An ice beast (D:5)
  2 ogres (D:5)
  A phantom (D:4)
  2 bullfrogs
  A scorpion (D:6)
  A bullfrog zombie (D:4)
  A crimson imp (D:5)
  A jelly (D:7)
  3 hounds
  13 orc wizards
  A gnoll shaman (D:6)
  An iguana (D:5)
  A worker ant (D:5)
  2 hound skeletons (D:5)
  10 gnolls
  6 adders
  2 oozes
  An adder skeleton (D:4)
  A worm (D:5)
  3 dart slugs
  3 leopard geckos
  9 orcs
  A ball python (D:3)
  7 bats
  3 goblins
  4 hobgoblins
  9 jackals
  7 kobolds
  3 frilled lizards (D:3)
  A jackal zombie (D:5)
  2 leopard gecko skeletons
  4 rats
107 creatures vanquished.

Notes
Turn   | Place    | Note
-------+----------+-------------------------------------------
     0 | D:1      | Dorkslayer the Octopode Fighter began the quest for the
                  | Orb.
     0 | D:1      | Reached XP level 1. HP: 16/16 MP: 1/1
   156 | D:1      | Reached XP level 2. HP: 15/21 MP: 2/2
   669 | D:2      | Reached XP level 3. HP: 23/26 MP: 3/3
   936 | D:3      | Reached skill level 1 in Stealth
   941 | D:3      | Reached skill level 1 in Throwing
  1208 | D:3      | Reached XP level 4. HP: 31/31 MP: 4/4
  1250 | D:3      | Reached XP level 5. HP: 23/36 MP: 5/5
  1323 | D:3      | Found a blossoming altar of Fedhas.
  1324 | D:3      | Found a snail-covered altar of Cheibriados.
  1364 | D:3      | Found a shimmering altar of Xom.
  1366 | D:3      | Found a burning altar of Makhleb.
  1366 | D:3      | Found a hazy altar of Hepliaklqana.
  1429 | D:3      | Found a glowing golden altar of the Shining One.
  2074 | D:4      | Found Goukao's General Store.
  2082 | D:4      | Bought a scroll of teleportation for 36 gold pieces
  2082 | D:4      | Bought 7 curare-tipped darts for 50 gold pieces
  2115 | D:4      | Noticed a phantom
  2144 | D:4      | Killed a phantom
  2144 | D:4      | Reached skill level 1 in Short Blades
  2144 | D:4      | Reached XP level 6. HP: 33/42 MP: 6/6
  2277 | D:4      | Found Kiustip's Gadget Shoppe.
  2300 | D:4      | Found Leceuf's Magic Scroll Emporium.
  2305 | D:4      | Bought a scroll of identify for 20 gold pieces
  2305 | D:4      | Bought a scroll of identify for 20 gold pieces
  2305 | D:4      | Bought a scroll of identify for 20 gold pieces
  2569 | D:4      | Got a blackened war axe
  2570 | D:4      | Identified the +5 war axe "Arbiter" {flame, rF+ Str+3
                  | Dex-3} (You found it on level 4 of the Dungeon)
  2668 | D:5      | Entered Level 5 of the Dungeon
  2777 | D:5      | Reached skill level 1 in Axes
  2779 | D:5      | Found a shadowy altar of Dithmenos.
  2789 | D:5      | Became a worshipper of Dithmenos the Shadowed
  2830 | D:5      | Reached XP level 7. HP: 25/46 MP: 7/7
  2904 | D:5      | Reached skill level 1 in Evocations
  2965 | D:5      | Found a staircase to the Ecumenical Temple.
  3061 | D:5      | Found a sparkling altar of Nemelex Xobeh.
  3077 | D:5      | Reached skill level 1 in Invocations
  3749 | D:6      | Reached XP level 8. HP: 13/54 MP: 9/9
  3782 | D:6      | Found Vargh's Antique Weapon Emporium.
  3814 | D:6      | Reached * piety under Dithmenos
  3868 | D:6      | HP: 1/54 [gnoll/+1 spear of piercing (2)]
  4375 | D:6      | Got a polished trident
  4376 | D:6      | Identified the +3 trident of Eternal War {vamp, Dex+2} (You
                  | found it on level 6 of the Dungeon)
  4673 | D:7      | Noticed Harold
  4707 | D:7      | Slain by Harold

Levels and vault maps discovered:
D:1:      dpeg_arrival_tiny_h, layout_rooms
D:2:      layout_rooms
D:3:      layout_basic, lemuel_doored_altar, grunt_temple_overflow_open,
          first_ration
D:4:      layout_loops_ring, serial_shops, shop,
          nicolae_shop_temple_entry_statues_fountains, nicolae_shop_statue_plus,
          grunt_ministairs_12
D:5:      layout_loops_ring, nemelex_xobeh_ov_fountains_minmay,
          nicolae_dithmenos_through_a_glass_darkly, minmay_temple_entry_statues
D:6:      minmay_flawed_box, layout_cave_pools, serial_shops,
          nicolae_shop_overgrown_old_shop, minmay_fractal_squares_gapless_5
D:7:      layout_basic, serial_shops, nicolae_shop_stone, the_bakery,
          bloody_trog, uniq_joseph, uniq_harold

Skill      XL: |  1  2  3  4  5  6  7  8 |
---------------+-------------------------+-----
Stealth        | 1 3 4 |  4.7
Throwing       | 1 2 3 4 |  4.4
Long Blades    | 3 |  3.4
Short Blades   | 1 2 |  2.0
Axes           | 1 3 4 |  4.2
Evocations     | 1 2 |  2.8
Invocations    | 2 3 |  3.2
Shields        | 4 |  4.1
Fighting       | |  3.9
Dodging        | |  3.9

Action                   |  1- 3 |  4- 6 |  7- 9 || total
-------------------------+-------+-------+-------++-------
Melee: Long sword        |    39 |    19 |       ||    58
       Constrict         |    12 |    15 |    15 ||    42
       Tentacles         |     4 |    16 |    15 ||    35
       Short sword       |       |    57 |       ||    57
       War axe           |       |    19 |    76 ||    95
Throw: Dart              |     3 |     8 |    36 ||    47
       Boomerang         |     1 |     7 |    14 ||    22
       Javelin           |       |     4 |       ||     4
Evoke: Wand              |       |       |     1 ||     1
  Use: Scroll            |     7 |     4 |     3 ||    14
       Potion            |     1 |       |     4 ||     5
 Stab: Sleeping          |     4 |    10 |     3 ||    17
  Eat: Ration            |     1 |     1 |       ||     2
       Chunk             |       |     1 |    14 ||    15
Armor: Skin              |     4 |     4 |     1 ||     9
Dodge: Dodged            |    13 |    32 |    33 ||    78
Block: Shield            |    15 |    27 |    32 ||    74
       Rpst.: Long sword |     4 |       |       ||     4
